 Dungeon Crawl Stone Soup version 0.26.0-10-g1f06aea511 (webtiles) character file.

Game seed: 9349281674139130868

1473 inc the Covert (level 8, -2/40 HPs)
             Began as a Felid Enchanter on Jan 29, 2021.
             Slain by a white ugly thing (29 damage)
             ... on level 9 of the Dungeon.
             The game lasted 00:38:31 (17170 turns).

inc the Covert (Felid Enchanter)                   Turns: 17170, Time: 00:38:32

Health: -2/40      AC:  2    Str:  4    XL:     8   Next: 49%
Magic:  9/12       EV: 21    Int: 21    God:
Gold:   486        SH:  0    Dex: 16    Spells: 2/11 levels left
                                        Lives:  0   Deaths: 3

rFire    . . .     SeeInvis +     - Unarmed
rCold    . . .     Faith    .   (shield unavailable)
rNeg     + . .     Spirit   .   (armour unavailable)
rPois    .         Reflect  .   (helmet unavailable)
rElec    .         Harm     .   (cloak unavailable)
rCorr    .         Rampage  .   (gloves unavailable)
Will     +....                  (boots unavailable)
Stlth    ++++++....             (no amulet)
HPRegen  0.13/turn              d - ring of positive energy
MPRegen  0.13/turn              (no ring)

@: confusing touch, quick
A: very small, no armour, no weapons or thrown items, stealth, claws 1, fangs 3,
see invisible, speed 1, shaggy fur 2, sharp paws
a: no special abilities


You were on level 9 of the Dungeon.
You visited 2 branches of the dungeon, and saw 10 of its levels.

You collected 486 gold pieces.

Inventory:

Jewellery
 d - a ring of positive energy (left paw)
 o - a +4 ring of protection {unknown}
Wands
 g - a wand of iceblast (12)
 p - a wand of digging (5)
Scrolls
 f - a scroll of magic mapping
 k - 4 scrolls of remove curse
 l - 5 scrolls of identify
 m - a scroll of fog
Potions
 a - 5 potions of curing
 b - 2 potions of mutation
 c - 2 potions of might
 e - 2 potions of brilliance
 h - a potion of attraction
 i - 4 potions of lignification
 j - 3 potions of cancellation
 n - a potion of berserk rage {unknown}
 q - a potion of degeneration {unknown}


   Skills:
 - Level 8.1 Fighting
 + Level 5.9 Dodging
 - Level 13.0 Stealth
 + Level 4.6 Unarmed Combat
 - Level 2.0 Spellcasting
 - Level 8.0 Hexes
 - Level 4.0 Ice Magic


You had 2 spell levels left.
You knew the following spells:

 Your Spells              Type           Power        Failure   Level
a - Tukima's Dance        Hex            35%          1%          3
b - Ensorcelled Hibernat  Hex/Ice        54%          1%          2
c - Confusing Touch       Hex            35%          1%          3
e - Corona                Hex            38%          1%          1

Your spell library contained the following spells:

 Spells                   Type           Power        Failure   Level
 Dazzling Flash           Conj/Hex       36%          9%          3


Dungeon Overview and Level Annotations

Branches:
Dungeon (9/15)             Temple (1/1) D:7
   Lair: D:8-11         Orc: D:9-12

Altars:
Ashenzari
Cheibriados
Dithmenos
Elyvilon
Fedhas
Gozag
Kikubaaqudgha
Makhleb
Nemelex Xobeh
Okawaru
Qazlal
Ru
Sif Muna
Trog
Vehumet
Wu Jian
Xom
Yredelemnul
Zin
The Shining One

Shops:
D:4 (   D:7 [

Annotations:
D:7 Harold
D:8 Gastronok


Innate Abilities, Weirdness & Mutations

You cannot wear armour.
You are incapable of wielding weapons or throwing items.
Your paws allow you to move quietly. (Stealth)
You have sharp claws.
You have razor-sharp teeth.
You have supernaturally acute eyesight. (SInv)
You cover ground quickly.
You are covered in thick fur. (AC +2)
Your sharp claws are effective at attacking unaware monsters.


Message History

Aiming: Ensorcelled Hibernation (safe; 1% risk of failure)
Press: ? - help, Shift-Dir - straight line, f/p - scorpion
Aim: a scorpion (chance to affect: 56%)
The scorpion looks drowsy...
You pounce on the unaware helpless scorpion!
You eviscerate the scorpion!!!
You kill the scorpion!
Magic restored.
A white ugly thing comes into view.
A white ugly thing is nearby!
You pounce on the unaware helpless white ugly thing!
You eviscerate the white ugly thing!!!
The white ugly thing is severely wounded.
The white ugly thing tail-slaps you but does no damage.
Casting: Ensorcelled Hibernation (safe; 1% risk of failure)
Confirm with . or Enter, or press ? or * to list all spells.
Your paws begin to glow red.
The white ugly thing tail-slaps you! The white ugly thing freezes you!!
Ouch! That really hurt!
You die...

.....# #.....#
#.....+
#.....#
#.....#
##+##.....#
+.........#
#..@......####
#.u##.........
#.. #..†......
#..##'######..
#..#.......#
#.####.......#
#.......###..#
#..##...###.†#
#..##........#


You could see a white ugly thing.

Vanquished Creatures
  Pikel (D:5)
  A dancing weapon (D:8)
  Menkaure (D:7)
  Duvessa (D:7)
  2 water moccasins
  2 orc warriors
  4 sky beasts
  A black bear (D:7)
  2 ogres
  A centaur (D:5)
  3 lemures (D:5)
  3 bullfrogs
  2 big kobolds (D:8)
  A wyvern zombie (D:8)
  Dowan (D:7)
  A water moccasin zombie (D:7)
  2 scorpions
  A water moccasin skeleton (D:6)
  3 killer bees (D:7)
  18 wights
  3 howler monkeys
  2 bullfrog zombies (D:7)
  A quasit (D:8)
  5 hounds
  8 orc wizards
  Crazy Yiuf (D:3)
  A bullfrog skeleton (D:8)
  2 centaur skeletons
  5 orc priests
  2 jellies
  2 iguanas
  An iron imp (D:7)
  Natasha (thrice) (D:2)
  2 worker ants
  A killer bee zombie (D:8)
  A hound zombie (D:7)
  2 hound skeletons
  Robin (D:3)
  3 gnolls (D:3)
  7 river rats (D:6)
  13 adders
  2 shadow imps (D:5)
  3 white imps (D:5)
  An adder zombie (D:6)
  3 adder skeletons
  2 dart slugs
  9 leopard geckos
  26 orcs
  2 ball pythons
  11 bats
  5 giant cockroaches
  18 goblins
  14 hobgoblins
  5 jackals
  7 quokkas
  9 frilled lizards
  A goblin skeleton (D:7)
  A goblin zombie (D:7)
  2 hobgoblin zombies (D:7)
  28 kobolds
  2 kobold zombies (D:7)
  An orc skeleton (D:7)
  2 orc zombies (D:7)
  21 rats
292 creatures vanquished.

Vanquished Creatures (collateral kills)
  3 wights (D:8)
  Ijyb (D:3)
4 creatures vanquished.

Vanquished Creatures (others)
  3 dancing weapons
  A scorpion (D:5)
  An adder (D:5)
  An ufetubus (D:5)
  A worm (D:5)
  An orc (D:5)
  A ball python (D:5)
  2 quokkas (D:5)
  A leopard gecko skeleton (D:5)
  5 plants (D:4)
17 creatures vanquished.

Grand Total: 313 creatures vanquished

Notes
Turn   | Place    | Note
-------+----------+-------------------------------------------
     0 | D:1      | inc the Felid Enchanter began the quest for the Orb.
     0 | D:1      | Reached XP level 1. HP: 7/7 MP: 4/4
   634 | D:1      | Reached XP level 2. HP: 11/11 MP: 6/6
   645 | D:1      | Learned a level 2 spell: Ensorcelled Hibernation
  1578 | D:2      | Reached skill level 1 in Ice Magic
  1578 | D:2      | Reached XP level 3. HP: 9/14 MP: 2/7
  1713 | D:2      | Reached skill level 5 in Hexes
  2301 | D:2      | Learned a level 3 spell: Tukima's Dance
  2536 | D:2      | Found an iron altar of Okawaru.
  2598 | D:2      | Noticed Natasha
  2935 | D:2      | Killed Natasha
  2936 | D:2      | Reached XP level 4. HP: 10/18 MP: 0/8
  3076 | D:2      | Noticed Natasha
  3081 | D:2      | Killed Natasha
  3635 | D:3      | Found a runed translucent door.
  3636 | D:3      | Noticed Crazy Yiuf
  3888 | D:3      | Killed Crazy Yiuf
  3889 | D:3      | Reached XP level 5. HP: 21/21 MP: 6/9
  4252 | D:3      | Gained mutation: You are covered in thick fur. (AC +2)
                  | [Felid growth]
  4252 | D:3      | Reached XP level 6. HP: 24/24 MP: 3/10
  4346 | D:3      | Noticed Ijyb
  4387 | D:3      | Killed Ijyb
  4636 | D:3      | Noticed Robin
  4750 | D:2      | Noticed Natasha
  4819 | D:2      | Killed Natasha
  4942 | D:3      | Killed Robin
  5384 | D:4      | Found Barish's Weapon Shoppe.
  5502 | D:4      | Learned a level 3 spell: Confusing Touch
  5561 | D:4      | Killed from afar by an orc wizard
  5562 | D:4      | Reached XP level 5. HP: -6/21 MP: 9/9
  6233 | D:3      | Reached XP level 6. HP: 24/24 MP: 7/10
  6266 | D:4      | Reached skill level 5 in Stealth
  6635 | D:4      | Reached skill level 6 in Stealth
  7269 | D:4      | Reached skill level 7 in Stealth
  7361 | D:5      | Entered Level 5 of the Dungeon
  7562 | D:5      | Found a broken altar of Ashenzari.
  7641 | D:5      | Reached XP level 7. HP: 27/27 MP: 7/11
  7739 | D:5      | Found a blossoming altar of Fedhas.
  7789 | D:5      | Found a shimmering altar of Xom.
  7789 | D:5      | Noticed Pikel
  8106 | D:5      | Found a shimmering altar of Xom.
  8176 | D:5      | Reached skill level 8 in Stealth
  8901 | D:5      | Found a sacrificial altar of Ru.
  9009 | D:5      | Reached skill level 9 in Stealth
  9535 | D:5      | Reached skill level 10 in Stealth
  9687 | D:5      | HP: 1/27 [lemure[Pikel] (7)]
 10052 | D:5      | Killed Pikel
 10053 | D:5      | Reached skill level 12 in Stealth
 10053 | D:5      | Reached XP level 8. HP: 31/31 MP: 9/12
 10688 | D:5      | Reached skill level 13 in Stealth
 11111 | D:6      | Reached skill level 1 in Fighting
 11710 | D:6      | Reached XP level 9. HP: 39/39 MP: 13/13
 12331 | D:7      | Found a staircase to the Ecumenical Temple.
 12345 | Temple   | Entered the Ecumenical Temple
 12506 | D:7      | Reached skill level 5 in Fighting
 13228 | D:7      | Noticed Dowan
 13229 | D:7      | Noticed Duvessa
 13337 | D:7      | Noticed Menkaure
 13777 | D:8      | Noticed Gastronok
 14296 | D:7      | Killed Menkaure
 14476 | D:7      | Found Bapheud's Antique Armour Boutique.
 14773 | D:7      | Found an ornate altar of the Wu Jian Council.
 15121 | D:7      | Found a glowing golden altar of the Shining One.
 15497 | D:7      | Killed Duvessa
 15550 | D:7      | Reached XP level 10. HP: 25/48 MP: 2/14
 15752 | D:7      | Killed Dowan
 15784 | D:7      | Noticed Harold
 15852 | D:8      | Slain by an orc warrior
 15853 | D:8      | Reached XP level 9. HP: -2/44 MP: 1/13
 16250 | D:8      | Reached skill level 5 in Dodging
 17100 | D:8      | Killed from afar by Gastronok
 17101 | D:8      | Reached XP level 8. HP: -3/40 MP: 12/12
 17167 | D:9      | Noticed a white ugly thing
 17170 | D:9      | Slain by a white ugly thing

Illustrated notes

Levels and vault maps discovered:
D:1:      lightli_arrival_lavapool, layout_loops_ring
D:2:      layout_basic, okawaru_gym_becter, uniq_natasha
D:3:      layout_loops_cross, uniq_ijyb, uniq_crazy_yiuf_cottage, uniq_robin
D:4:      corexii_shack_village, layout_loops_ring, serial_shops, shop,
          minmay_stone_trees_small
D:5:      layout_gridville, ashenzari_conservatory_becter, xom_confusion_cloud,
          kennysheep_mini, basic_altar, kennysheep_flooded_box, uniq_pikel
D:6:      lemuel_ratsnest, layout_rooms, grunt_ministairs_14
D:7:      layout_basic, nzn_wu_jian_contemplation, nicolae_tso_besieged_by_evil,
          minmay_temple_entry_statues_pillars, serial_shops, shop, uniq_duvessa,
          uniq_menkaure, uniq_harold
D:8:      layout_basic, item_on_display_a, uniq_gastronok
D:9:      layout_stronghold, nzn_hepliaklqana_mist_gate, kennysheep_mini_moat,
          lair_entry_dummy, ploomutoo_gammafunk_ghost_potion_laboratory,
          uniq_erolcha
Temple:   eino_temple_lava

Skill      XL: |  1  2  3  4  5  6  7  8  9 |
---------------+----------------------------+-----
Unarmed Combat | 2 4 |  4.6
Ice Magic      | 1 2 3 4 |  4.0
Hexes          | 5 6 7 8 |  8.0
Stealth        | 7 12 13 | 13.0
Fighting       | 3 8 |  8.1
Dodging        | 5 |  5.9
Spellcasting   | |  2.0

Action                   |  1- 3 |  4- 6 |  7- 9 | 10-12 || total
-------------------------+-------+-------+-------+-------++-------
Melee: Unarmed           |    86 |   205 |   457 |    17 ||   765
       Bite              |     5 |    12 |    36 |     2 ||    55
       Punch             |       |     1 |     2 |       ||     3
 Cast: Ensorcelled Hiber |    38 |    93 |   162 |     9 ||   302
       Tukima's Dance    |       |     2 |    16 |       ||    18
       Confusing Touch   |       |     5 |    37 |     2 ||    44
       Corona            |       |       |     1 |       ||     1
  Use: Scroll            |     7 |     5 |     2 |     1 ||    15
 Stab: Sleeping          |    28 |    77 |   114 |     2 ||   221
       Confused          |       |     5 |    31 |     3 ||    39
       Distracted        |       |     1 |     2 |       ||     3
Armor: Skin              |     6 |    10 |    19 |     4 ||    39
Dodge: Dodged            |    78 |   160 |   357 |    46 ||   641
